Description

Will add other important timings

Replay - Build order

Build Order

Get SALT Encoding   

  12  0:00  Drone  
  13  0:13  Overlord  
  13  0:17  Drone  
  14  0:31  Drone x3  
  17  0:55  Hatchery  
  16  0:57  Drone  
  17  1:08  Drone  
  18  1:14  Spawning Pool  
  17  1:23  Extractor  
  17  1:24  Drone x2  
  18  1:32  Drone  
  19  1:48  Overlord  
  20  2:01  Queen  
  22  2:09  Queen  
  27  2:28  Metabolic Boost  
  27  2:36  Overlord  
  30  2:58  Queen x2  
  30  3:02  Hatchery  
  41  3:27  Extractor  
  41  3:28  Overlord  
  40  3:38  Spore Crawler x2  
  38  3:47  Overlord  
  44  3:58  Extractor  
  44  4:02  Roach Warren  
  42  4:07  Evolution Chamber  
  42  4:08  Extractor  
  43  4:12  Zergling x4  
  43  4:14  Queen  
  47  4:20  Lair  
  57  4:52  Zerg Missile Weapons Level 1  
  59  5:15  Extractor x2  
  59  5:20  Spine Crawler  
  59  5:21  Spore Crawler  
  55  5:36  Glial Reconstitution  
  55  5:41  Spire, Roach x9  
  75  5:51  Overseer  
  88  6:47  Hydralisk Den  
  88  6:52  Evolution Chamber  
  86  6:56  Mutalisk x10  
Spawning Tool Build Advisor. Get it on Overwolf

Go to:

Details

  • Created by: broseph
  • Published on: Oct 01, 2020
  • Modified on: Oct 01, 2020
  • Patch: 4.11.0
  • Difficulty: Easy
Show
View Real Time Build Order
Export as new Build Order

Comments (0)

There are no comments. Be the first!

Create an account to comment!